 Dungeon Crawl Stone Soup version 0.27-a0-1081-ge8a0a9c698 (webtiles) character file.

Game seed: 13792446122908531046

81 dolemite99 the Twirler (level 4, -6/37 HPs)
             Began as a Minotaur Warper on Apr 26, 2021.
             Mangled by Terence
             ... wielding a +0 hand axe
              (7 damage)
             ... on level 2 of the Dungeon.
             The game lasted 00:02:00 (1973 turns).

dolemite99 the Twirler (Minotaur Warper)            Turns: 1973, Time: 00:02:01

Health: -6/37      AC:  8    Str: 14 (16) XL:     4   Next: 20%
Magic:  5/5        EV:  6    Int:  7 (10) God:
Gold:   129        SH:  0    Dex:  7 (10) Spells: 5/5 levels left

rFire    . . .     SeeInvis .   a - +0 spear
rCold    . . .     Faith    .   (no shield)
rNeg     . . .     Spirit   .   g - +0 chain mail
rPois    .         Reflect  .   (helmet restricted)
rElec    .         Harm     .   (no cloak)
rCorr    .         Rampage  .   (no gloves)
Will     .....                  (no boots)
Stlth    ..........             (no amulet)
HPRegen  0.12/turn              (no ring)
MPRegen  0.09/turn              (no ring)

@: no status effects
A: horns 2, retaliatory headbutt
a: no special abilities


You were on level 2 of the Dungeon.
You visited 1 branch of the dungeon, and saw 2 of its levels.

You collected 129 gold pieces.

Inventory:

Hand Weapons
 a - a +0 spear (weapon)
Missiles
 l - 32 stones (quivered)
Armour
 b - a +0 leather armour
 g - a +0 chain mail (worn)
Scrolls
 c - a scroll of enchant armour {unknown}
 d - a scroll of blinking
 f - a scroll of teleportation {unknown}
 h - a scroll of fear {unknown}
 i - a scroll of amnesia {unknown}


   Skills:
 - Level 2.4 Fighting
 - Level 2.4(3.9) Polearms
 + Level 4.7(5.0) Staves
 - Level 1.0 Throwing
 - Level 1.2 Armour
 - Level 2.1 Dodging
 - Level 1.3 Spellcasting
 - Level 2.1 Translocations


You had 5 spell levels left.
You didn't know any spells.
Your spell library contained the following spells:

 Spells                   Type           Power      Damage    Failure   Level
 Blink                    Tloc           N/A        N/A       100%        2
 Gell's Gravitas          Tloc           1%         N/A       100%        3
 Lesser Beckoning         Tloc           1%         N/A       100%        3
 Teleport Other           Tloc           3%         N/A       100%        3
 Manifold Assault         Tloc           3%         N/A       100%        5


Dungeon Overview and Level Annotations

Branches:
Dungeon (2/15)

Altars:

Shops:
D:2 [

Annotations:
D:2 Terence


Innate Abilities, Weirdness & Mutations

You have a pair of horns on your head.
You reflexively headbutt those who attack you in melee.


Message History

Terence hits you with a +0 hand axe.
You hit Terence but do no damage.
Terence is severely wounded.
Terence barely misses you.
You closely miss Terence. You headbutt Terence, but do no damage.
Terence is severely wounded.
Terence hits you with a +0 hand axe.
You hit Terence but do no damage.
Terence is severely wounded.
Terence hits you with a +0 hand axe.
You hit Terence but do no damage.
Terence is heavily wounded.
Terence hits you with a +0 hand axe.
Your chain mail prevents you from hitting Terence.
You headbutt Terence.
Terence is severely wounded.
You closely miss Terence.
Terence is severely wounded.
Terence hits you with a +0 hand axe.
You closely miss Terence. Your headbutt misses Terence.
Terence is severely wounded.
Terence hits you with a +0 hand axe.
Your chain mail prevents you from hitting Terence.
Terence is severely wounded.
Terence closely misses you. You furiously retaliate!
You headbutt Terence. You hit Terence but do no damage.
Terence is severely wounded.
Terence hits you with a +0 hand axe.
* * * LOW HITPOINT WARNING * * *
You hit Terence but do no damage.
Terence is severely wounded.
Terence hits you with a +0 hand axe.
* * * LOW HITPOINT WARNING * * *
You closely miss Terence.
Terence is severely wounded.
Terence hits you with a +0 hand axe.
* * * LOW HITPOINT WARNING * * *
It was a potion of magic.
Magic courses through your body. Terence hits you with a +0 hand axe!
You die...

#...## ####....# #.....∩.#
####.......# .......#.#.##
###....#....##########
#[.............@....###########
#............######............
#..............@@.......######
#....#.......##########.#
#.#...>.....## #.#
#.######...## #.# #.# #####
####.# #.# #....# #.# #.####
#.# #.# (.. #.#


You could see Terence.

Vanquished Creatures
  A bullfrog skeleton (D:2)
  3 adders (D:2)
  A dart slug (D:2)
  4 endoplasms
  4 giant cockroaches
  2 goblins
  A hobgoblin (D:1)
  2 quokkas (D:2)
  2 ball pythons
  A bat (D:2)
  2 kobolds
23 creatures vanquished.

Notes
Turn   | Place    | Note
-------+----------+-------------------------------------------
     0 | D:1      | dolemite99 the Minotaur Warper began the quest for the Orb.
     0 | D:1      | Reached XP level 1. HP: 18/18 MP: 1/1
   100 | D:1      | Reached skill level 1 in Staves
   624 | D:1      | Reached skill level 2 in Staves
   624 | D:1      | Reached XP level 2. HP: 25/25 MP: 3/3
  1108 | D:2      | Reached skill level 3 in Staves
  1108 | D:2      | Reached XP level 3. HP: 27/30 MP: 4/4
  1173 | D:2      | Reached skill level 4 in Staves
  1268 | D:2      | Found Qonuosuc's Antique Armour Shoppe.
  1283 | D:2      | Reached XP level 4. HP: 18/37 MP: 5/5
  1882 | D:2      | Noticed Terence
  1972 | D:2      | HP: 1/37 [Terence/+0 hand axe (6)]
  1973 | D:2      | Mangled by Terence

Illustrated notes

Levels and vault maps discovered:
D:1:      lemuel_arrival_tunnels, layout_loops_ring
D:2:      layout_loops_ring, serial_shops, shop_coins, uniq_terence

Skill      XL: |  1  2  3 |
---------------+----------+-----
Staves         | 2 3 4 |  4.7
Fighting       | |  2.4
Polearms       | |  2.4
Throwing       | |  1.0
Armour         | |  1.2
Dodging        | |  2.1
Spellcasting   | |  1.3
Translocations | |  2.1

Action                   |  1- 3 |  4- 6 || total
-------------------------+-------+-------++-------
Melee: Spear             |    75 |    44 ||   119
       Headbutt          |    10 |     6 ||    16
Throw: Boomerang         |     5 |       ||     5
       Stone             |     2 |       ||     2
  Use: Potion            |       |     4 ||     4
Armor: Chain mail        |    33 |    13 ||    46
       Leather armour    |     2 |       ||     2
Dodge: Dodged            |    23 |    11 ||    34

Table legend: (Time is in decaauts)
 A = Elapsed time spent in this place.
 B = Non-inter-level travel time spent in this place.
 C = Inter-level travel time spent in this place.
 D = Time resting spent in this place.
 E = Time spent auto-exploring this place.
 F = Levels seen in this place.
 G = Mean time per level.
                   A        B        C        D        E       F      G
               +--------+--------+--------+--------+--------+-----+--------+
         Total |   1946 |   1906 |     40 |    464 |   1125 |   2 |  973.0 |
       Dungeon |   1946 |   1906 |     40 |    464 |   1125 |   2 |  973.0 |
               +--------+--------+--------+--------+--------+-----+--------+

Top non-repeatable levels by time:
     D:1: 1038 daAuts
     D:2: 907 daAuts
